 Dungeon Crawl Stone Soup version 0.29.1-1-gd02db6906a (webtiles) character file.

Game seed: 3721465547857605375

186 oldmanjim the Magician (level 5, -8/37 HPs)
             Began as a Djinni Ice Elementalist on Sept 17, 2022.
             Killed from afar by a white imp (18 damage)
             ... with a puff of frost
             ... on level 4 of the Dungeon.
             The game lasted 00:26:49 (4239 turns).

oldmanjim the Magician (Djinni Ice Elementalist)    Turns: 4239, Time: 00:26:50

Health: -8/37      AC:  2    Str:  7    XL:     5   Next: 97%
Gold:   198        EV: 12    Int: 25    God:
                   SH:  0    Dex: 13

rFire   + + .      SeeInvis .   (no weapon)
rCold   x . .      Faith    .   (no shield)
rNeg    . . .      Spirit   .   a - +0 robe
rPois   ∞          Reflect  .   f - +0 hat
rElec   .          Harm     .   (no cloak)
rCorr   .          Rampage  .   (no gloves)
Will    .....                   (boots unavailable)
Stlth   ++........              (no amulet)
HPRegen 0.12/turn               s - +6 ring of intelligence
MPRegen 0.00/turn               (no ring)

@: flying
A: sickness immunity, fire resistance 2, cold vulnerability 1, float, innate
caster, HP casting, extra vitality 1
a: no special abilities


You were on level 4 of the Dungeon.
You visited 1 branch of the dungeon, and saw 5 of its levels.

You collected 198 gold pieces.

Inventory:

Hand Weapons
 n - a +0 sling
Missiles
 k - 28 stones (quivered)
 t - 6 poisoned darts
Armour
 a - a +0 robe (worn)
 f - a +0 hat (worn)
Jewellery
 s - a +6 ring of intelligence (left hand)
Scrolls
 b - 2 scrolls of poison {unknown}
 e - 4 scrolls of identify {unknown}
 g - 2 scrolls of blinking {unknown}
 h - a scroll of fear {unknown}
 i - 2 scrolls of amnesia {unknown}
 l - 5 scrolls of teleportation {unknown}
 o - a scroll of noise {unknown}
 p - a scroll of magic mapping {unknown}
Potions
 c - 2 potions of degeneration {unknown}
 d - a potion of lignification {unknown}
 j - a potion of might {unknown}
 m - a potion of brilliance {unknown}
 q - a potion of flight {unknown}
 r - a potion of curing {unknown}
 u - a potion of ambrosia {unknown}
 v - a potion of invisibility {unknown}


   Skills:
 - Level 1.0 Fighting
 - Level 3.0 Dodging
 - Level 1.5 Stealth
 + Level 5.0 Spellcasting


You couldn't memorise any spells.
You knew the following spells:

 Your Spells              Type           Power      Damage    Failure   Level
a - Freeze                Ice            100%       1d11      1%          1
b - Frozen Ramparts       Ice            62%        1d10      3%          3
c - Ozocubu's Armour      Ice            31%        N/A       3%          3
d - Hailstorm             Conj/Ice       31%        3d8       11%         4
e - Necrotise             Necr           100%       1d9       1%          1
f - Blink                 Tloc           62%        N/A       1%          2
Your spell library was empty.

Dungeon Overview and Level Annotations

Branches:
Dungeon (5/15)
 Temple: D:4-7

Altars:
Okawaru


Innate Abilities, Weirdness & Mutations

You are immune to sickness and miasma.
You are immune to poison.
Your flesh is very heat resistant. (rF++)
You are vulnerable to cold. (rC-)
You float through the air rather than walking.
You learn spells naturally, not from books.
Your magical power is your life essence.
You have superior vitality. (+4 MHP)


Message History

Confirm with . or Enter, or press ? or * to list all spells.
Aiming: Freeze (safe; 1% risk of failure)
Press: ? - help, Shift-Dir - straight line, f/p - phantom
Aim: a phantom (lightly damaged)
You freeze the phantom but do no damage.
The phantom completely resists.
The phantom resists.
The wall freezes the phantom.
The phantom hits you.
Casting: Freeze (safe; 1% risk of failure)
Confirm with . or Enter, or press ? or * to list all spells.
Aiming: Freeze (safe; 1% risk of failure)
Press: ? - help, Shift-Dir - straight line, f/p - phantom
Aim: a phantom (moderately damaged)
You freeze the phantom.
The phantom resists.
The phantom is moderately damaged.
The phantom completely resists.
The wall freezes the phantom but does no damage.
The phantom barely misses you.
Casting: Freeze (safe; 1% risk of failure)
Confirm with . or Enter, or press ? or * to list all spells.
Aiming: Freeze (safe; 1% risk of failure)
Press: ? - help, Shift-Dir - straight line, f/p - phantom
Aim: a phantom (moderately damaged)
You freeze the phantom but do no damage.
The phantom completely resists.
The frozen ramparts melt away.
The phantom completely misses you.
Casting: Freeze (safe; 1% risk of failure)
Confirm with . or Enter, or press ? or * to list all spells.
You blink.
The white imp shouts!
You feel stable enough to blink again. The white imp gestures at you.
The puff of frost hits you!
You feel a terrible chill!
* * * LOW HITPOINT WARNING * * *
The white imp gestures at you. The puff of frost misses you.
A quasit comes into view.
The quasit moves out of view.
The white imp gestures at you. The puff of frost hits you!!
You feel a terrible chill!
You die...

#.####...♣.#..
#.###.........
###..........#..
#...............#.#
##.####..####..##.### #.#
#..##.5........
#.####...#.#...#.##.
#.####...#..........#.##.
#......#@#......##..#.##.
######.#.#...∩........##.
#.#.#..........W..§.
#.#.#........W.#####
#.....#.####.###
#.#5###.####.#######
#.#W###.#.W.........
#.#......###.#######
###.###### #.#


You could see a phantom and a white imp.

Vanquished Creatures
  A quasit (D:4)
  2 iguanas
  2 adders
  A worm (D:3)
  3 dart slugs
  6 orcs
  3 bats
  7 endoplasms
  4 giant cockroaches
  7 goblins
  3 hobgoblins
  3 jackals (D:1)
  4 kobolds
  5 quokkas
  3 ball pythons
  2 frilled lizards
  2 rats
58 creatures vanquished.

Vanquished Creatures (collateral kills)
  A dart slug (D:2)
1 creature vanquished.

Vanquished Creatures (others)
  6 demonic plants (D:4)
  3 fungi (D:4)
9 creatures vanquished.

Grand Total: 68 creatures vanquished

Notes
Turn   | Place    | Note
-------+----------+-------------------------------------------
     0 | D:1      | oldmanjim the Djinni Ice Elementalist began the quest for
                  | the Orb.
     0 | D:1      | oldmanjim set off with the following spells memorised:
                  | Freeze, Frozen Ramparts, Ozocubu's Armour, Hailstorm.
     0 | D:1      | Reached XP level 1. HP: 15/15 MP: 0/0
   112 | D:1      | Reached skill level 1 in Fighting
   112 | D:1      | Reached XP level 2. HP: 4/22 MP: 0/0
   782 | D:1      | Reached XP level 3. HP: 25/27 MP: 0/0
   782 | D:1      | Learned a level 1 spell: Necrotise
  1585 | D:2      | Found an iron altar of Okawaru.
  1891 | D:3      | Reached XP level 4. HP: 20/32 MP: 0/0
  2027 | D:3      | You are sucked into a shaft and drop 2 floors!
  2027 | D:5      | Entered Level 5 of the Dungeon
  2060 | D:5      | Reached skill level 4 in Spellcasting
  2237 | D:5      | Noticed an ice beast
  2542 | D:3      | Reached XP level 5. HP: 33/37 MP: 0/0
  2542 | D:3      | Learned a level 2 spell: Blink
  2835 | D:3      | Found a faded altar of an unknown god.
  3655 | D:4      | Noticed a phantom
  3656 | D:4      | Noticed a black bear
  4167 | D:4      | Reached skill level 5 in Spellcasting
  4239 | D:4      | Killed from afar by a white imp

Illustrated notes

Levels and vault maps discovered:
D:1:      lightli_arrival_maybe_door_vault, layout_basic
D:2:      layout_basic, basic_altar
D:3:      layout_basic, basic_ecumenical_altar
D:4:      layout_basic, mainiacjoe_overflow_boulevard,
          ebering_ghost_disaster_area, serial_demonic, serial_demonic_d,
          serial_demonic_f, serial_demonic_g, serial_demonic_b,
          saegor_snake_ambush
D:5:      layout_rooms, minitemple, jmf_multi_god_temple, temple_green,
          uniq_grinder, uniq_eustachio

Skill      XL: |  1  2  3  4  5 |
---------------+----------------+-----
Fighting       | 1 |  1.0
Spellcasting   | 4 5 |  5.0
Dodging        | 3 |  3.0
Stealth        | |  1.5

Action                   |  1- 3 |  4- 6 || total
-------------------------+-------+-------++-------
Melee: Unarmed           |    14 |     7 ||    21
Throw: Dart              |       |     3 ||     3
       Stone             |       |     1 ||     1
 Cast: Freeze            |    32 |    21 ||    53
       Necrotise         |    25 |    40 ||    65
       Frozen Ramparts   |       |     9 ||     9
       Ozocubu's Armour  |       |     2 ||     2
       Blink             |       |     1 ||     1
Armor: Robe              |     9 |     8 ||    17
Dodge: Dodged            |    27 |    27 ||    54
